 Dungeon Crawl Stone Soup version 0.21.1-1-g345015fe64 (webtiles) character file.

1474 mrRosa the Sneak (level 8, -18/41 HPs)
             Began as a Deep Elf Wizard on June 4, 2018.
             Was a Believer of Vehumet.
             Killed from afar by Erica (21 damage)
             ... with an orb of energy
             ... on level 8 of the Dungeon.
             The game lasted 00:49:38 (7300 turns).

mrRosa the Sneak (Deep Elf Wizard)                  Turns: 7300, Time: 00:49:39

Health: -18/41     AC:  7    Str:  4    XL:     8   Next: 49%
Magic:  3/17       EV: 15    Int: 26    God:    Vehumet [**....]
Gold:   214        SH:  0    Dex: 13    Spells: 3/17 levels left

rFire    . . .     SeeInvis .   t - +2 dagger (speed)
rCold    . . .     Gourm    .   (no shield)
rNeg     . . .     Faith    .   a - +1 robe
rPois    +         Spirit   .   b - +0 hat
rElec    .         Reflect  .   C - +2 cloak {rPois}
rCorr    .         Harm     .   (no gloves)
MR       .....                  j - +0 pair of boots
Stlth    +++.......             (no amulet)
HPRegen  0.13/turn              (no ring)
MPRegen  0.15/turn              (no ring)

@: lethally poisoned (-18 -> -27)
A: no striking features
a: Renounce Religion


You were on level 8 of the Dungeon.
You worshipped Vehumet.
Vehumet was pleased with you.
You were hungry.

You visited 1 branch of the dungeon, and saw 8 of its levels.

You collected 214 gold pieces.

Inventory:

Hand Weapons
 h - a +2 quarterstaff of chaos
 i - a +0 short sword
 m - a +0 dagger
 o - a +0 hunting sling
 p - a +0 dagger
 q - a +0 dagger
 t - a +2 dagger of speed (weapon)
 u - a +0 dagger
 v - a +1 dagger
 w - a +0 short sword
Armour
 a - a +1 robe (worn)
 b - a +0 hat (worn)
 g - a +0 robe
 j - a +0 pair of boots (worn)
 r - a +0 robe
 y - a +0 pair of boots
 z - a +0 robe
 A - a +0 robe
 C - a +2 cloak of poison resistance (worn)
Wands
 f - a wand of random effects (24)
Scrolls
 n - 2 scrolls of remove curse
 s - a scroll of blinking {unknown}
 D - a scroll of enchant armour
Potions
 e - a potion of resistance
 k - a potion of mutation {unknown}
 l - a potion of flight {unknown}
 x - a potion of brilliance {unknown}
 B - 2 potions of curing
Books
 c - a book of Minor Magic

   Spells                             Type                      Level
   a - Magic Dart                     Conjuration                  1
   b - Blink                          Translocation                2
   c - Call Imp                       Summoning                    2
   d - Slow                           Hexes                        2
   e - Conjure Flame                  Conjuration/Fire             3
   f - Mephitic Cloud                 Conjuration/Poison/Air       3
Comestibles
 d - 6 rations


   Skills:
 + Level 4.6 Short Blades
 * Level 5.5 Dodging
 + Level 7.0 Stealth
 - Level 5.2 Spellcasting
 - Level 5.3 Conjurations
 - Level 1.1 Summonings
 - Level 1.1 Translocations
 - Level 2.4 Fire Magic
 - Level 1.7 Air Magic
 - Level 2.1 Poison Magic


You had 3 spell levels left.
You knew the following spells:

 Your Spells              Type           Power        Failure   Level  Hunger
a - Magic Dart            Conj           ####         1%          1    None
b - Blink                 Tloc           N/A          7%          2    None
c - Call Imp              Summ           ##......     7%          2    None
d - Mephitic Cloud        Conj/Pois/Air  ###.....     6%          3    #......
e - Conjure Flame         Conj/Fire      ####....     4%          3    #......
f - Flame Tongue          Conj/Fire      ####.        1%          1    None
g - Searing Ray           Conj           ####..       1%          2    None


Dungeon Overview and Level Annotations

Branches:
Dungeon (8/15)
 Temple: D:4-7         Lair: D:8-11

Altars:
Fedhas
Hepliaklqana
Nemelex Xobeh
Ru
Trog
Uskayaw
Vehumet
Xom
Zin

Shops:
D:8 ?

Annotations:
D:6 Grinder
D:8 Erica


Message History

The searing ray hits Erica.
Erica is severely wounded.
You finish channeling your searing ray.
Your iron imp barely misses Erica.
Erica gestures at you while chanting. The bolt of poison hits you!
You are poisoned.
You resist.
* * * LOW HITPOINT WARNING * * *
Casting: Searing Ray
Confirm with . or Enter, or press ? or * to list all spells.
You blink.
* * * LOW HITPOINT WARNING * * *
You feel sick.
Erica screams, "Die!"
Erica casts a spell at you. The orb of energy hits your iron imp.
Your iron imp dies!
The orb of energy explodes!
The mystic blast hits you!
Ouch! That really hurt!
You die...

# ## #.#..
..# #h..##
..# . ##.)..
..##.# #.....
.....
#.#....###..#
..∩..8......#
##.#...#.#.##
#.#####.@.#
#.## ##.###
#.###.##
#(..@##
#.#§###
#.#...#
#.###.# #.##
.# #.#.##.##


You could see Erica and a howler monkey (wandering).

Vanquished Creatures
  Sigmund (D:3)
  A water moccasin (D:5)
  An orc warrior (D:7)
  A sky beast (D:4)
  A centaur (D:6)
  A bullfrog (D:6)
  A wyvern skeleton (D:6)
  A killer bee (D:7)
  2 howler monkeys
  A bullfrog zombie (D:5)
  A hound (D:5)
  A jelly (D:2)
  Crazy Yiuf (D:5)
  A bullfrog skeleton (D:3)
  An orc priest (D:4)
  An orc wizard (D:4)
  Natasha (D:3)
  An iguana (D:8)
  5 worker ants
  4 gnolls (D:4)
  3 adders
  A howler monkey skeleton (D:6)
  2 shadow imps (D:6)
  A worm (D:2)
  2 dart slugs
  2 leopard geckos
  12 orcs
  7 bats
  5 giant cockroaches
  3 goblins
  6 hobgoblins
  3 jackals (D:1)
  A quokka (D:4)
  2 frilled lizards
  7 kobolds
  A quokka zombie (D:5)
  9 rats
95 creatures vanquished.

Vanquished Creatures (collateral kills)
  An ogre (D:5)
  A centaur (D:5)
  A scorpion (D:5)
  A killer bee (D:7)
  A hound (D:4)
  A jelly (D:6)
  An orc priest (D:4)
  Ijyb (D:3)
  Natasha (twice) (D:3)
  4 orc wizards
  A hound skeleton (D:5)
  A worker ant zombie (D:5)
  3 gnolls (D:4)
  A worm (D:2)
  2 dart slugs
  A leopard gecko (D:4)
  12 orcs
  A ball python (D:3)
  A goblin (D:3)
  4 jackals (D:3)
  A kobold (D:1)
42 creatures vanquished.

Grand Total: 137 creatures vanquished

Notes
Turn   | Place    | Note
-------+----------+-------------------------------------------
     0 | D:1      | mrRosa the Deep Elf Wizard began the quest for the Orb.
     0 | D:1      | Reached XP level 1. HP: 10/10 MP: 7/7
    80 | D:1      | Found a shimmering altar of Xom.
   391 | D:1      | Reached XP level 2. HP: 15/15 MP: 2/9
   499 | D:1      | Learned a level 2 spell: Blink
   502 | D:1      | Learned a level 2 spell: Call Imp
  1142 | D:2      | Reached XP level 3. HP: 19/19 MP: 5/10
  1220 | D:2      | Learned a level 3 spell: Mephitic Cloud
  1220 | D:2      | Found a hazy altar of Hepliaklqana.
  1400 | D:2      | Found a bloodstained altar of Trog.
  1400 | D:2      | Found a sacrificial altar of Ru.
  1407 | D:2      | Found a hide-covered altar of Uskayaw.
  1407 | D:2      | Found a blossoming altar of Fedhas.
  1465 | D:2      | Found a radiant altar of Vehumet.
  1485 | D:2      | Became a worshipper of Vehumet
  1566 | D:2      | Reached XP level 4. HP: 24/24 MP: 6/12
  1887 | D:3      | Noticed Ijyb
  2061 | D:3      | Learned a level 3 spell: Conjure Flame
  2200 | D:3      | Reached skill level 1 in Poison Magic
  2210 | D:3      | HP: 1/24 [orc/war axe (12)]
  2220 | D:3      | HP: 1/36 [kobold/whip (1)]
  2274 | D:3      | Killed Ijyb
  2274 | D:3      | Reached skill level 1 in Air Magic
  2490 | D:3      | Noticed Natasha
  2501 | D:3      | Reached * piety under Vehumet
  2501 | D:3      | Offered knowledge of Flame Tongue by Vehumet.
  2519 | D:3      | Learned a level 1 spell: Flame Tongue
  2563 | D:3      | Killed Natasha
  2563 | D:3      | Reached XP level 5. HP: 20/28 MP: 1/14
  2784 | D:3      | Noticed Sigmund
  2845 | D:3      | Killed Sigmund
  2845 | D:3      | Reached skill level 3 in Stealth
  2845 | D:3      | Reached skill level 5 in Spellcasting
  2845 | D:3      | Reached XP level 6. HP: 22/32 MP: 5/15
  3062 | D:3      | Found a sparkling altar of Nemelex Xobeh.
  3104 | D:3      | Noticed Natasha
  3118 | D:3      | Killed Natasha
  3311 | D:3      | Noticed Natasha
  3326 | D:3      | Killed Natasha
  3669 | D:4      | Reached skill level 1 in Short Blades
  3669 | D:4      | Reached skill level 4 in Stealth
  3752 | D:4      | Noticed a sky beast
  3839 | D:4      | Killed a sky beast
  3839 | D:4      | Offered knowledge of Searing Ray by Vehumet.
  3843 | D:4      | Learned a level 2 spell: Searing Ray
  4033 | D:5      | Entered Level 5 of the Dungeon
  4041 | D:4      | Reached ** piety under Vehumet
  4146 | D:4      | Reached skill level 5 in Stealth
  4146 | D:4      | Reached XP level 7. HP: 33/36 MP: 7/16
  5045 | D:5      | Reached skill level 5 in Conjurations
  5632 | D:5      | Offered knowledge of Inner Flame by Vehumet.
  5650 | D:5      | Reached skill level 1 in Fire Magic
  5700 | D:6      | Noticed Grinder
  5791 | D:5      | Reached skill level 6 in Stealth
  6123 | D:5      | Reached XP level 8. HP: 38/41 MP: 10/17
  6139 | D:5      | Found a runed door.
  6143 | D:5      | Noticed Crazy Yiuf
  6174 | D:5      | Killed Crazy Yiuf
  7065 | D:6      | Found a glowing silver altar of Zin.
  7185 | D:7      | Reached skill level 5 in Dodging
  7199 | D:7      | Reached skill level 7 in Stealth
  7228 | D:8      | Found Vasmetyz's Magic Scroll Shop.
  7281 | D:8      | Noticed Erica
  7300 | D:8      | Killed from afar by Erica

Skill      XL: |  1  2  3  4  5  6  7  8 |
---------------+-------------------------+-----
Conjurations   | 2 3 4 5 |  5.3
Poison Magic   | 1 2 |  2.1
Air Magic      | 1 |  1.7
Stealth        | 3 5 6 7 |  7.0
Spellcasting   | 5 |  5.2
Short Blades   | 2 3 4 |  4.6
Dodging        | 3 5 |  5.5
Fire Magic     | 2 |  2.4
Summonings     | |  1.1
Translocations | |  1.1

Action                   |  1- 3 |  4- 6 |  7- 9 || total
-------------------------+-------+-------+-------++-------
Melee: Dagger            |       |    27 |    51 ||    78
 Cast: Magic Dart        |    63 |    72 |    74 ||   209
       Call Imp          |     8 |    42 |    45 ||    95
       Blink             |     1 |     3 |    11 ||    15
       Mephitic Cloud    |       |     6 |    11 ||    17
       Flame Tongue      |       |     2 |     1 ||     3
       Searing Ray       |       |       |     8 ||     8
  Use: Potion            |       |     4 |     1 ||     5
       Scroll            |       |     7 |     1 ||     8
 Stab: Invisible         |       |     3 |       ||     3
       Distracted        |       |     2 |       ||     2
       Confused          |       |       |     7 ||     7
  Eat: Chunk             |     2 |     8 |     9 ||    19
Armor: Robe              |     5 |    10 |    17 ||    32
       Skin              |       |    18 |       ||    18
Dodge: Dodged            |    22 |    47 |    82 ||   151
